 Dungeon Crawl Stone Soup version 0.31.0-12-g77e489cdc1 (webtiles) character file.

Game seed: 6153171461812236047

56518 MaelixTan the Metamorph (level 14, -13/90 HPs)
             Began as a Vine Stalker Monk on Mar 7, 2024.
             Was a Believer of Uskayaw.
             Mangled by a freezing wraith (20 damage)
             ... on level 12 of the Dungeon.
             The game lasted 00:46:52 (18206 turns).

MaelixTan the Metamorph (Vine Stalker Monk)        Turns: 18206, Time: 00:46:53

Health: -13/90     AC: 20    Str: 20    XL:     14   Next: 82%
Magic:  0/21       EV: 15    Int: 10    God:    Uskayaw [**....]
Gold:   663        SH:  0    Dex: 21    Spells: 13/13 levels left

rFire   . .          .
                       - Unarmed
rCold   . . .        (shield currently unavailable)
rNeg    + + .        e - melded +2 ring mail {rC+}
rPois   +            (helmet currently unavailable)
rElec   .            a - melded +2 cloak {rCorr}
rCorr   .            g - melded +0 pair of gloves
SInv    .            Y - melded +0 pair of boots
Will    ++...        R - amulet of Zupumm {RegenMP rN++ Will+ Regen+}
Stlth   ++++         t - +4 ring of protection
HPRegen 1.95/turn    T - +4 ring of protection
MPRegen 0.57/turn

%: guardian spirit
@: snake-form, slowed, studying 2 skills, very slow
A: constrict, boosted hp, large, (fangs 3), regeneration 1, magic shield,
(antimagic bite), no potion heal 2
a: Begin Untransformation, Renounce Religion, Stomp, Line Pass


You were on level 12 of the Dungeon.
You worshipped Uskayaw.
Uskayaw was aware of your devotion.
You were an enormous serpent.
You visited 2 branches of the dungeon, and saw 18 of its levels.
You also visited: Sewer, Bailey and Gauntlet.

You collected 1459 gold pieces.
You spent 796 gold pieces at shops.


Innate Abilities, Weirdness & Mutations

You are an enormous serpent.
You have a powerful constriction melee attack.
Your maximum health is increased.
Your armour is entirely melded.
You are incapable of wielding weapons or throwing items.
((You have razor-sharp teeth.))
Your natural rate of healing is unusually fast.
When hurt, damage is shared between your health and your magic reserves.
((Your bite disrupts and absorbs the magic of your enemies.))
Potions cannot restore your health.


   Skills:
 - Level 9.0 Fighting
 - Level 8.0 Dodging
 - Level 7.0 Stealth
 - Level 14.0 Unarmed Combat
 - Level 8.0 Invocations
 + Level 15.6 Shapeshifting


You had 13 spell levels left.
You didn't know any spells.
Your spell library contained the following spells:

 Spells                   Type           Power      Damage    Failure   Level
 Freeze                   Ice            0%         1d3       36%         1
 Sting                    Conj/Alch      0%         1d3       36%         1
 Jinxbite                 Hex            0%         N/A       50%         2
 Mercury Vapours          Alch/Air       0%         N/A       50%         2
 Dazzling Flash           Conj/Hex       0%         N/A       75%         3
 Frozen Ramparts          Ice            0%         1d1       75%         3
 Hailstorm                Conj/Ice       0%         3d5       75%         3
 Inner Flame              Hex/Fire       0%         N/A       75%         3
 Mephitic Cloud           Conj/Alch/Air  0%         N/A       75%         3
 Ozocubu's Armour         Ice            0%         N/A       75%         3
 Tukima's Dance           Hex            0%         N/A       75%         3
 Volatile Blastmotes      Fire/Tloc      0%         2d10      75%         3
 Animate Dead             Necr           0%         N/A       98%         4
 Dimensional Bullseye     Hex/Tloc       0%         N/A       98%         4
 Flame Wave               Conj/Fire      0%         2d4       98%         4
 Iskenderun's Mystic Bla  Conj/Tloc      0%         2d3       98%         4
 Manifold Assault         Tloc           0%         N/A       98%         4
 Olgreb's Toxic Radiance  Alch           0%         N/A       98%         4
 Sticky Flame             Fire/Alch      0%         2d4       98%         4
 Vhi's Electric Charge    Tloc/Air       0%         N/A       98%         4
 Arcjolt                  Conj/Air       0%         1d10      100%        5
 Borgnjor's Vile Clutch   Necr/Erth      0%         N/A       100%        5
 Curse of Agony           Necr           0%         N/A       100%        5
 Metabolic Englaciation   Hex/Ice        0%         N/A       100%        5
 Silence                  Hex/Air        0%         N/A       100%        5
 Yara's Violent Unravell  Hex/Alch       0%         3d3       100%        5
 Death Channel            Necr           0%         N/A       100%        6
 Dispersal                Tloc           0%         N/A       100%        6
 Plasma Beam              Fire/Air       0%         2x1d10    100%        6
 Sculpt Simulacrum        Ice/Alch       0%         N/A       100%        6
 Starburst                Conj/Fire      0%         6d3       100%        6
 Enfeeble                 Hex            0%         N/A       100%        7
 Disjunction              Tloc           0%         N/A       100%        8
 Maxwell's Capacitive Co  Air            0%         ∞         100%        8

Inventory:

Missiles
 r - 11 poisoned darts (quivered)
 E - 2 throwing nets {=f}
Armour
 a - a +2 cloak of preservation (melded)
 e - a +2 ring mail of cold resistance (melded)
 g - a +0 pair of gloves (melded)
 Y - a +0 pair of boots (melded)
Jewellery
 t - a +4 ring of protection (left hand)
 v - a ring of see invisible
 F - a ring of fire
 L - a ring of flight
 R - the amulet of Zupumm (around neck) {RegenMP rN++ Will+ Regen+}
   (You bought it in a shop on level 9 of the Dungeon)

   [amulet of magic regeneration]

   RegenMP:   It increases your rate of magic regeneration.
   rN++:      It greatly protects you from negative energy.
   Will+:     It increases your willpower.
   Regen+:    It increases your rate of health regeneration.
 T - a +4 ring of protection (right hand)
 W - a ring of willpower
Talismans
 m - a dragon-blood talisman
 V - a serpent talisman (active)
Wands
 s - a wand of quicksilver (12)
 w - a wand of iceblast (6)
 H - a wand of mindburst (34)
 J - a wand of polymorph (9)
 P - a wand of flame (14)
 Q - a wand of digging (2)
 X - a wand of paralysis (6)
Scrolls
 c - 2 scrolls of poison
 d - 2 scrolls of blinking
 f - a scroll of torment
 h - 12 scrolls of teleportation {@r2}
 o - 5 scrolls of fog
 u - 2 scrolls of silence {!r}
 x - 5 scrolls of revelation
 B - 3 scrolls of immolation {unknown}
 D - a scroll of fear
 G - 2 scrolls of brand weapon {unknown}
 O - a scroll of summoning
 Z - 2 scrolls of identify {@r1}
Potions
 b - a potion of ambrosia
 k - 2 potions of magic
 n - 7 potions of haste {@q3}
 p - 5 potions of invisibility
 q - a potion of cancellation
 z - 2 potions of brilliance
 A - 2 potions of mutation
 C - 6 potions of curing {@q1}
 K - a potion of might
 M - 5 potions of resistance
Miscellaneous
 y - a condenser vane
 U - a phantom mirror

Dungeon Overview and Level Annotations

Branches:
Dungeon (13/15) Temple (0/1) D:5 Lair (5/5) D:10 Swamp (0/4) Lair:2 Snake (0/4) Lair:3 Slime (0/5) Lair:5 Orc (0/2) D:10 Vaults (0/5) D:12 D:13 Sewer (visited) Bailey (visited) Gauntlet (visited)

Altars:
Cheibriados
Dithmenos
Nemelex Xobeh
Okawaru
Sif Muna
Uskayaw
Wu Jian
Jiyva

Shops:
D:5 (   D:9 =**

Annotations:
D:4 1 runed translucent door, Liamsmithers's ghost, amateur DsGl
Lair:4 3 runed translucent doors, Tovical's ghost, journeyman TeAE

#....#..###########......# #####
.....'..............#....# #...#
#....###.....######.#....# #...#
#....# #.....'.####.#....# #...#
###### #.....#..##..#....# #...#
#####.....##.##..#....###...##
#.........##.....#).....'....#
####.........##).##.##..####....#
..##.....######)SW.)...## #....#
..##.....# #####.#### #....#
..##.....# #####'## ####.#
..##.....# ###......# #.#
).######## #........# #.# ..#
#........# #.# ..# #...###.## #.#
..# #...# #.# #.# [.########
#...# #.# #.#


You could see a freezing wraith.


Message History

Unknown command.
Unknown command.
You body-slam the orc knight!!
Your grab misses the orc knight.
The orc knight is severely wounded.
The orc knight hits you but does no damage.
The freezing wraith hits you!
* * * LOW HITPOINT WARNING * * *
The freezing wraith freezes you!
You feel as though you will be slow longer.
* * * LOW HITPOINT WARNING * * *
The freezing wraith closely misses you.
You body-slam the orc knight!!
You grab the orc knight.
The orc knight is almost dead.
You constrict the orc knight.
You kill the orc knight!
The freezing wraith hits you but does no damage.
The freezing wraith closely misses you.
Unknown command.
Unknown command.
You hit the freezing wraith but do no damage.
The freezing wraith hits you!
* * * LOW HITPOINT WARNING * * *
The freezing wraith freezes you!
You feel as though you will be slow longer.
* * * LOW HITPOINT WARNING * * *
The freezing wraith hits you but does no damage.
The freezing wraith hits you.
* * * LOW HITPOINT WARNING * * *
The freezing wraith freezes you!!
You die...

Skill      XL: |  1  2  3  4  5  6  7  8  9 10 11 12 13 14 |
---------------+-------------------------------------------+-----
Fighting       | 3 4 5 6 7 8 9 |  9.0
Unarmed Combat | 4 5 6 7 8 9 14 | 14.0
Invocations    | 1 3 6 7 8 |  8.0
Dodging        | 5 7 8 |  8.0
Stealth        | 4 7 |  7.0
Shapeshifting  | 1 7 11 12 15 | 15.6

Action                     |  1- 3 |  4- 6 |  7- 9 | 10-12 | 13-15 || total
---------------------------+-------+-------+-------+-------+-------++-------
  Melee: Unarmed           |   102 |   220 |   362 |   730 |   496 ||  1910
         Bite              |    29 |    64 |   128 |   284 |       ||   505
         Punch             |       |       |     7 |    39 |       ||    46
         Constrict         |       |       |       |     7 |   105 ||   112
  Throw: Dart              |       |     3 |     3 |       |       ||     6
  Evoke: Wand              |       |       |       |     1 |     3 ||     4
    Use: Scroll            |       |       |    10 |    10 |     6 ||    26
         Potion            |       |       |       |     2 |       ||     2
   Stab: Paralysed         |       |       |    19 |    52 |    27 ||    98
         Sleeping          |       |       |       |    15 |     8 ||    23
         Distracted        |       |       |       |     3 |     6 ||     9
         Invisible         |       |       |       |     6 |       ||     6
 Armour: Robe              |    20 |       |       |       |       ||    20
         Ring mail         |    33 |   136 |   180 |   323 |       ||   672
         Skin              |       |       |       |    46 |   301 ||   347
  Dodge: Dodged            |    66 |   122 |   183 |   443 |   266 ||  1080
   Form: Serpent           |       |       |       |     2 |       ||     2
                           |       |       |       |     1 |       ||     1

Levels and vault maps discovered:
D:1:      heliophobic_arrival_battle_scene, layout_loops_ring
D:2:      layout_basic, minmay_statues_item
D:3:      minmay_angry_zag, layout_basic, hellmonk_sif_muna_bookshelves,
          nicolae_uskayaw_murder_on_the_dancefloor, portal_sewer_entry_f,
          minmay_close_crescents
D:4:      minmay_general_purpose_star, layout_loops_cross,
          mainiacjoe_overflow_paths, mainiacjoe_overflow_tiny_flanked,
          general_overflow_altar, gammafunk_ghost_grave, uniq_edmund
D:5:      layout_loops_corners, minmay_temple_entry_enclosed_plants,
          nicolae_shop_firing_range, uniq_prince_ribbit1, uniq_menkaure,
          uniq_sigmund, uniq_crazy_yiuf_cottage
D:6:      layout_loops_ring
D:7:      layout_gridville, mainiacjoe_overflow_six_doors_small
D:8:      layout_basic, dk_noncrumbling_3, uniq_grum
D:9:      layout_loops_ring, mainiacjoe_overflow_concentric_impassable,
          enter_bailey_3, nicolae_lava_and_water, nicolae_wooded_promenade
D:10:     layout_basic, lair_entry_dummy, orc_0_dummy
D:11:     layout_irregular_city
D:12:     layout_basic, gauntlet_entry_generic, uniq_psyche
D:13:     layout_cave_pools, david_vaults_3, serial_undead, serial_undead_c,
          serial_undead_b, serial_undead_b, serial_undead_e, enter_trove_0,
          amethyst_killhole, minmay_misc_feat_x, chei_slow_surprise
Lair:1:   cheibrodos_lair_river_kwai, layout_small_grid, serial_bayou_shore_b
Lair:2:   layout_small_grid, minmay_swamp_entry_worms, minivault_19,
          st_stairs_10, grunt_megastairs_3
Lair:3:   layout_gridlike, minmay_snake_entry_guardpost_small, uniq_rupert
Lair:4:   layout_regular_city, gammafunk_ghost_ooze
Lair:5:   minmay_lair_end_frog_pond, layout_regular_city, slime_entry_1,
          infiniplex_staircase_pool

Notes
Turn   | Place    | Note
-------+----------+-------------------------------------------
     0 | D:1      | MaelixTan the Vine Stalker Monk began the quest for the
                  | Orb.
     0 | D:1      | Reached XP level 1. HP: 11/11 MP: 2/2
    90 | D:1      | Reached skill level 3 in Fighting
   145 | D:1      | Reached XP level 2. HP: 8/16 MP: 1/3
   861 | D:2      | Reached XP level 3. HP: 21/21 MP: 4/4
  1221 | D:2      | Reached skill level 4 in Fighting
  1431 | D:3      | Reached XP level 4. HP: 25/25 MP: 5/5
  1509 | D:3      | Reached skill level 4 in Unarmed Combat
  1509 | D:3      | Found a glowing drain.
  1531 | Sewer    | Entered a sewer
  1642 | Sewer    | Reached XP level 5. HP: 29/29 MP: 6/6
  1900 | Sewer    | Noticed a kobold brigand
  1916 | Sewer    | Killed a kobold brigand
  1917 | Sewer    | Reached skill level 5 in Unarmed Combat
  1917 | Sewer    | Reached XP level 6. HP: 32/35 MP: 7/7
  2182 | D:3      | Reached skill level 5 in Fighting
  2279 | D:3      | Found a hide-covered altar of Uskayaw.
  2286 | D:3      | Became a worshipper of Uskayaw the Reveller
  2286 | D:3      | Reached * piety under Uskayaw
  2309 | D:3      | Reached ** piety under Uskayaw
  2450 | D:3      | Found a shimmering blue altar of Sif Muna.
  2498 | D:3      | Noticed a black bear
  2508 | D:3      | Killed a black bear
  2509 | D:3      | Reached skill level 1 in Invocations
  2509 | D:3      | Reached XP level 7. HP: 39/39 MP: 8/8
  2643 | D:4      | Noticed Edmund
  2663 | D:4      | Reached *** piety under Uskayaw
  2664 | D:4      | Killed Edmund
  2724 | D:4      | Found a shadowy altar of Dithmenos.
  2769 | D:4      | Found a runed translucent door.
  2770 | D:4      | Noticed Liamsmithers's ghost (amateur DsGl)
  2781 | D:4      | Reached skill level 2 in Invocations
  2974 | D:4      | Reached **** piety under Uskayaw
  3057 | D:4      | Reached ***** piety under Uskayaw
  3064 | D:4      | Reached skill level 6 in Unarmed Combat
  3066 | D:4      | Reached ****** piety under Uskayaw
  3218 | D:4      | Found a snail-covered altar of Cheibriados.
  3271 | D:4      | Found an ornate altar of the Wu Jian Council.
  3533 | D:5      | Entered Level 5 of the Dungeon
  3589 | D:5      | Reached skill level 6 in Fighting
  3589 | D:5      | Reached skill level 3 in Invocations
  3589 | D:5      | Gained mutation: You have razor-sharp teeth. [Vine Stalker
                  | growth]
  3589 | D:5      | Reached XP level 8. HP: 44/44 MP: 11/11
  3750 | D:5      | Noticed Prince Ribbit
  3769 | D:5      | Killed Prince Ribbit
  3770 | D:5      | Reached skill level 5 in Invocations
  3793 | D:5      | Noticed Sigmund
  3801 | D:5      | Killed Sigmund
  3802 | D:5      | Reached skill level 6 in Invocations
  3877 | D:5      | Noticed Menkaure
  3883 | D:5      | Killed Menkaure
  4071 | D:5      | Found a staircase to the Ecumenical Temple.
  4201 | D:5      | Found Leckatip's Firing Range.
  4466 | D:5      | Found a runed translucent door.
  4467 | D:5      | Noticed Crazy Yiuf
  4473 | D:5      | Paralysed by Crazy Yiuf for 1 turns
  4476 | D:5      | Killed Crazy Yiuf
  4651 | D:6      | Reached XP level 9. HP: 49/49 MP: 14/14
  4885 | D:6      | Reached skill level 3 in Dodging
  4885 | D:6      | Reached skill level 7 in Unarmed Combat
  4885 | D:6      | Reached skill level 7 in Invocations
  4887 | D:6      | Reached skill level 7 in Fighting
  4923 | D:6      | Reached skill level 4 in Dodging
  5526 | D:7      | Reached skill level 1 in Stealth
  5593 | D:7      | Reached skill level 2 in Stealth
  5886 | D:7      | Found a sparkling altar of Nemelex Xobeh.
  5922 | D:7      | Reached skill level 3 in Stealth
  5927 | D:7      | Reached skill level 5 in Dodging
  6200 | D:8      | Reached skill level 4 in Stealth
  6217 | D:8      | Reached XP level 10. HP: 53/55 MP: 16/16
  6359 | D:8      | Reached skill level 5 in Stealth
  6375 | D:8      | Reached skill level 6 in Dodging
  6533 | D:8      | Noticed Grum
  6545 | D:8      | Killed Grum
  6560 | D:8      | Reached skill level 7 in Dodging
  6591 | D:8      | Reached skill level 6 in Stealth
  6609 | D:8      | Reached skill level 7 in Stealth
  7159 | D:9      | Found a flagged portal.
  7172 | Bailey   | Entered a bailey
  7177 | Bailey   | Noticed an orc warlord
  7191 | Bailey   | Reached skill level 1 in Shapeshifting
  7219 | Bailey   | Noticed an orc knight
  7256 | Bailey   | Killed an orc knight
  7257 | Bailey   | Reached XP level 11. HP: 48/58 MP: 15/17
  7284 | Bailey   | Found a runed translucent gate.
  7286 | Bailey   | Found a runed translucent gate.
  7288 | Bailey   | Found a runed translucent gate.
  7430 | Bailey   | Killed an orc warlord
  7431 | Bailey   | Reached skill level 2 in Shapeshifting
  7488 | Bailey   | Acquired a manual of Unarmed Combat
  7599 | D:9      | Reached skill level 8 in Unarmed Combat
  7599 | D:9      | Reached skill level 8 in Invocations
  7742 | D:9      | Reached skill level 8 in Fighting
  7783 | D:9      | Found an iron altar of Okawaru.
  8003 | D:9      | Found Tuforgh's Jewellery Boutique.
  8003 | D:9      | Found Ebow's Assorted Antiques.
  8005 | D:9      | Found Orathruw's Assorted Antiques.
  8285 | D:10     | Entered Level 10 of the Dungeon
  8294 | D:10     | Reached skill level 3 in Shapeshifting
  8615 | D:10     | Reached skill level 8 in Dodging
  8811 | D:10     | Reached skill level 4 in Shapeshifting
  8860 | D:10     | Found a staircase to the Orcish Mines.
  9094 | D:10     | Found a staircase to the Lair.
  9739 | Lair:1   | Entered Level 1 of the Lair of Beasts
  9749 | D:10     | Reached skill level 5 in Shapeshifting
  9768 | D:10     | Reached skill level 6 in Shapeshifting
  9951 | Lair:1   | Reached skill level 7 in Shapeshifting
 10118 | Lair:1   | Reached XP level 12. HP: 58/64 MP: 16/19
 10538 | Lair:1   | Reached skill level 8 in Shapeshifting
 10607 | Lair:1   | Noticed a six-headed hydra
 10626 | Lair:1   | Killed a six-headed hydra
 11009 | Lair:2   | Reached skill level 9 in Shapeshifting
 11334 | Lair:2   | Noticed a five-headed hydra
 11344 | Lair:2   | Killed a five-headed hydra
 11437 | Lair:2   | Reached skill level 10 in Shapeshifting
 11732 | Lair:2   | Found a staircase to the Swamp.
 12279 | D:9      | Bought the amulet of Zupumm {RegenMP rN++ Will+ Regen+} for
                  | 796 gold pieces
 12484 | Lair:3   | Noticed Rupert
 12504 | Lair:3   | Killed Rupert
 12505 | Lair:3   | Reached skill level 11 in Shapeshifting
 12505 | Lair:3   | Noticed a death yak
 12515 | Lair:3   | Noticed a seven-headed hydra
 12903 | Lair:3   | Reached skill level 9 in Fighting
 12943 | Lair:3   | Reached skill level 9 in Unarmed Combat
 12970 | Lair:3   | Found a staircase to the Snake Pit.
 13053 | Lair:3   | Noticed a death yak
 13054 | Lair:3   | Noticed a death yak
 13089 | Lair:3   | Killed a death yak
 13090 | Lair:3   | Reached XP level 13. HP: 65/70 MP: 15/20
 13201 | Lair:3   | Reached skill level 10 in Unarmed Combat
 13277 | Lair:3   | Reached skill level 11 in Unarmed Combat
 13476 | Lair:4   | Found a runed translucent gate.
 13493 | Lair:4   | Reached skill level 12 in Unarmed Combat
 13713 | Lair:4   | Reached skill level 13 in Unarmed Combat
 13977 | Lair:4   | Found a runed translucent gate.
 13977 | Lair:4   | Found a viscous altar of Jiyva.
 13977 | Lair:4   | Found a runed translucent gate.
 13977 | Lair:4   | Noticed an acid blob
 13977 | Lair:4   | Noticed an azure jelly
 13977 | Lair:4   | Noticed an acid blob
 13977 | Lair:4   | Noticed Tovical's ghost (journeyman TeAE)
 13977 | Lair:4   | Noticed an acid blob
 13977 | Lair:4   | Noticed an azure jelly
 13977 | Lair:4   | Noticed an azure jelly
 13978 | Lair:4   | Noticed an azure jelly
 13978 | Lair:4   | Noticed an azure jelly
 13994 | Lair:4   | Reached skill level 14 in Unarmed Combat
 14349 | Lair:5   | Entered Level 5 of the Lair of Beasts
 14376 | Lair:5   | Identified 4 potions of resistance
 14428 | Lair:5   | Reached skill level 12 in Shapeshifting
 14715 | Lair:5   | Reached XP level 14. HP: 75/75 MP: 21/21
 14737 | Lair:5   | Reached skill level 13 in Shapeshifting
 15049 | Lair:5   | Found a staircase to the Slime Pits.
 15049 | Lair:5   | Found a viscous altar of Jiyva.
 15407 | Lair:5   | Reached skill level 14 in Shapeshifting
 16662 | D:12     | Reached skill level 15 in Shapeshifting
 16755 | D:12     | Found a gate leading to a gauntlet.
 16831 | Gauntlet | Entered a Gauntlet
 16831 | Gauntlet | Found a transporter.
 16831 | Gauntlet | Found a transporter.
 16831 | Gauntlet | Found a transporter.
 16875 | Gauntlet | Found a transporter.
 16885 | Gauntlet | Found a transporter.
 16889 | Gauntlet | Found a transporter.
 16899 | Gauntlet | Found a transporter.
 16944 | Gauntlet | Found a transporter.
 16944 | Gauntlet | Found a transporter.
 16944 | Gauntlet | Found a transporter.
 16948 | Gauntlet | Found a transporter.
 16960 | Gauntlet | Found a transporter.
 17234 | Gauntlet | Identified the +0 helmet "Yrhykky" {^Contam rC++}
 17968 | D:12     | Noticed Psyche
 17973 | D:12     | Killed Psyche
 18006 | D:12     | Identified the +0 leather armour "Hyoletoo" {Regen+ Dex+3}
 18196 | D:13     | Found a gate to the Vaults.
 18206 | D:12     | HP: 9/90 [freezing wraith (12)]
 18206 | D:12     | Mangled by a freezing wraith

Vanquished Creatures
  Rupert (Lair:3)
  An orc warlord (Bailey)
  A minotaur (Gauntlet)
  5 hydras
  A ghost crab (Gauntlet)
  3 boulder beetles
  3 two-headed ogres
  8 death yaks
  2 skysharks (Lair:5)
  A lindwurm (Lair:3)
  2 orc knights
  2 cyclopes (D:11)
  An ugly thing (D:11)
  2 manticores
  An ice statue (Gauntlet)
  3 black mambas
  An unseen horror (D:9)
  2 kobold demonologists
  18 cane toads
  7 rime drakes
  An ice devil (Gauntlet)
  7 komodo dragons
  5 trolls
  Psyche (D:12)
  2 tyrant leeches (Lair:5)
  A polar bear (Lair:3)
  Prince Ribbit (D:5)
  29 blink frogs
  Sigmund (D:5)
  5 slime creatures (D:12)
  A wraith (D:12)
  3 wyverns
  52 yaks
  3 basilisks
  Grum (D:8)
  A steam dragon (D:6)
  5 vampire mosquitoes (Lair:5)
  Menkaure (D:5)
  Edmund (D:4)
  A swamp worm (Lair:2)
  4 nagas (Lair:3)
  2 acid dragons
  15 water moccasins
  3 orc warriors
  An ice beast (D:6)
  A sky beast (D:8)
  2 black bears
  An ogre (D:5)
  10 wolves
  7 centaurs
  A kobold brigand (Sewer)
  15 bullfrogs
  A scorpion (D:6)
  A gnoll sergeant (D:6)
  19 wights
  5 killer bees (D:7)
  A howler monkey (D:8)
  3 electric eels
  A bombardier beetle (D:5)
  A gnoll bouda (D:4)
  A jelly (D:6)
  7 orc priests
  Crazy Yiuf (D:5)
  A hound (D:7)
  2 sleepcaps
  2 iguanas (D:6)
  9 hell rats
  20 orc wizards
  12 gnolls
  4 river rats (Sewer)
  9 adders
  A shadow imp (D:6)
  5 white imps
  2 ufetubi (D:5)
  A ribbon worm (D:5)
  A dart slug (D:4)
  63 orcs
  6 bats
  12 endoplasms
  5 giant cockroaches
  15 goblins
  8 hobgoblins
  12 jackals
  30 kobolds
  4 quokkas
  12 ball pythons
  3 frilled lizards
  29 rats
558 creatures vanquished.

Table legend: (Time is in decaauts)
 A = Elapsed time spent in this place.
 B = Non-inter-level travel time spent in this place.
 C = Inter-level travel time spent in this place.
 D = Time resting spent in this place.
 E = Time spent auto-exploring this place.
 F = Levels seen in this place.
 G = Mean time per level.
                   A        B        C        D        E       F      G
               +--------+--------+--------+--------+--------+-----+--------+
         Total |  17954 |  17087 |    867 |   2259 |  10577 |  21 |  855.0 |
       Dungeon |  10458 |   9903 |    555 |   1243 |   6523 |  13 |  804.5 |
          Lair |   5697 |   5386 |    311 |    584 |   3483 |   5 | 1139.4 |
         Sewer |    583 |    583 |      0 |      2 |    315 |   1 |  583.0 |
        Bailey |    366 |    366 |      0 |     11 |    111 |   1 |  366.0 |
      Gauntlet |    848 |    848 |      0 |    419 |    144 |   1 |  848.0 |
               +--------+--------+--------+--------+--------+-----+--------+

Top non-repeatable levels by time:
     D:9: 1314 daAuts
  Lair:2: 1279 daAuts
    D:10: 1276 daAuts
  Lair:1: 1259 daAuts
  Lair:5: 1206 daAuts
     D:5: 1077 daAuts
  Lair:3: 1031 daAuts
    D:12: 939 daAuts
  Lair:4: 920 daAuts
     D:4: 877 daAuts
     D:1: 850 daAuts
Gauntlet: 848 daAuts
     D:6: 814 daAuts
     D:8: 785 daAuts
    D:11: 678 daAuts

Table legend:
 A = Non-vault XP
 B = Vault XP
 C = Vault XP percentage of total XP
 D = Non-vault monster count
 E = Vault monster count
 F = Vault count percentage of total count
                 A         B        C        D         E       F
            +---------+---------+-------+---------+---------+-------
      Total |   56746 |   23994 |  29.7 |     382 |     176 |  31.5
            +---------+---------+-------+---------+---------+-------
        D:1 |      32 |       0 |   0.0 |      18 |       0 |   0.0
        D:2 |      46 |       0 |   0.0 |      21 |       0 |   0.0
        D:3 |     253 |      50 |  16.5 |      20 |      14 |  41.2
        D:4 |     299 |     169 |  36.1 |      36 |       5 |  12.2
        D:5 |     524 |     732 |  58.3 |      21 |       4 |  16.0
        D:6 |    1248 |       0 |   0.0 |      31 |       0 |   0.0
        D:7 |     763 |       0 |   0.0 |      14 |       0 |   0.0
        D:8 |    3228 |     543 |  14.4 |      25 |       4 |  13.8
        D:9 |    2235 |       8 |   0.4 |      32 |       4 |  11.1
       D:10 |    3707 |       0 |   0.0 |      21 |       0 |   0.0
       D:11 |    5187 |       0 |   0.0 |      15 |       0 |   0.0
       D:12 |    6395 |    1843 |  22.4 |      23 |       3 |  11.5
     Lair:1 |    2523 |    1991 |  44.1 |      14 |       6 |  30.0
     Lair:2 |    3228 |    1830 |  36.2 |      10 |      14 |  58.3
     Lair:3 |    7363 |    2489 |  25.3 |      19 |       5 |  20.8
     Lair:4 |   10664 |       0 |   0.0 |      33 |       0 |   0.0
     Lair:5 |    9051 |    8544 |  48.6 |      29 |      30 |  50.8
      Sewer |       0 |     237 | 100.0 |       0 |      55 | 100.0
     Bailey |       0 |    2116 | 100.0 |       0 |      22 | 100.0
   Gauntlet |       0 |    3442 | 100.0 |       0 |      10 | 100.0
            +---------+---------+-------+---------+---------+-------
